 Dungeon Crawl Stone Soup version 0.19.1-1-g22dce08 (webtiles) character file.

1003 ponk the Cleaver (level 8, -4/64 HPs)
             Began as a Minotaur Berserker on Jan 11, 2017.
             Was a Priest of Trog.
             Slain by an ogre
             ... wielding a +0 giant spiked club
              (17 damage)
             ... on level 5 of the Dungeon.
             The game lasted 00:14:03 (5283 turns).

ponk the Cleaver (Minotaur Berserker)               Turns: 5283, Time: 00:14:04

Health: -4/64      AC: 12    Str: 23    XL:     8   Next: 0%
Magic:  7/7        EV:  7    Int:  4    God:    Trog [***...]
Gold:   96         SH:  0    Dex: 11    Spells: 0 memorised, 7 levels left

rFire  . . .     SeeInvis .     w - +0 battleaxe
rCold  . . .     Gourm    .     i - +0 plate armour
rNeg   . . .     Faith    .     (shield currently unavailable)
rPois  .         Spirit   .     (helmet restricted)
rElec  .         Reflect  .     (no cloak)
rCorr  .         Harm     .     (no gloves)
MR     .....                    g - +0 pair of boots
Stlth  ..........               (no amulet)
                                (no ring)
                                (no ring)

@: exhausted, slowed, very slow
A: retaliatory headbutt, horns 2
a: Berserk, Trog's Hand, Burn Spellbooks, Renounce Religion


You were on level 5 of the Dungeon.
You worshipped Trog.
Trog was most pleased with you.
You were near starving.

You visited 1 branch of the dungeon, and saw 5 of its levels.

You collected 196 gold pieces.
You spent 100 gold pieces at shops.

Inventory:

Hand Weapons
 q - a +0 blowgun
 w - a +0 battleaxe (weapon)
Missiles
 a - 9 tomahawks (quivered)
 s - 15 poisoned needles
Armour
 g - a +0 pair of boots (worn)
 i - a +0 plate armour (worn)
Magical Staves
 y - an uncursed staff of poison {unknown}
Jewellery
 d - an uncursed ring of fire {unknown}
Wands
 e - a wand of digging (7/24)
Scrolls
 j - 3 scrolls of teleportation
 k - a scroll of random uselessness {unknown}
 r - a scroll of immolation {unknown}
 t - 2 scrolls of remove curse {unknown}
 A - a scroll of magic mapping {unknown}
Potions
 b - 2 potions of heal wounds
 f - a potion of agility
 l - 4 potions of curing
 n - a potion of cure mutation
 o - a potion of resistance
 p - a potion of might {unknown}
 u - a potion of flight
 z - a potion of ambrosia {unknown}
Books
 v - a book of Conjurations

   Spells                             Type                      Level
   a - Magic Dart                     Conjuration                  1
   b - Searing Ray                    Conjuration                  2
   c - Dazzling Spray                 Conjuration/Hexes            3
   d - Fulminant Prism                Conjuration/Hexes            4
   e - Iskenderun's Mystic Blast      Conjuration                  4
   f - Iskenderun's Battlesphere      Conjuration/Charms           5
   Trog disapproves of the use of such an item.
Comestibles
 c - 3 bread rations
 h - 2 meat rations
 m - 2 beef jerkies
 x - a slice of pizza


   Skills:
 - Level 3.6 Fighting
 * Level 11.3 Axes
 - Level 2.4 Armour
 - Level 2.1 Dodging
 + Level 1.0 Stealth


You had 7 spell levels left.
You didn't know any spells.

Dungeon Overview and Level Annotations

Branches:
Dungeon (5/15)
 Temple: D:4-7

Altars:
Gozag
Nemelex Xobeh
Okawaru
Zin

Shops:
D:4 !


Innate Abilities, Weirdness & Mutations

You reflexively headbutt those who attack you in melee.
You have a pair of horns on your head.


Message History

You feel your anger subside.
You are no longer berserk.
You are exhausted.
You feel yourself slow down.
The ogre hits you with a giant spiked club!
You hit the ogre. You headbutt the ogre!
The ogre is heavily wounded.
The ogre hits you but does no damage.
You closely miss the ogre.
The ogre is heavily wounded.
The ogre hits you with a giant spiked club!
You hit the ogre but do no damage.
The ogre is heavily wounded.
The ogre barely misses you.
The ogre hits you with a giant spiked club!
You're too exhausted to go berserk.
The ogre hits you with a giant spiked club!
* * * LOW HITPOINT WARNING * * *
The ogre hits you with a giant spiked club!
You die...

#.####. #.# #.##... ##
#.# .#8.8#... ##
.#####.### #.##.##.#.
#.# ##... .....#
..##.##.#. #.###..#
#...>. ..#8.8#... #.#..#
#..#.##.. #.##.#.
#....#####..#.#.#
##'##.#.
#.#))...O@..#...#
#..##.#. #
#.######...##.###.###.#.
#.# ##.....##..........
#.# #............###...
#.# #......####### ####
#.# ##.#...##
#.###...#.## #.........#
########...###


You could see an ogre.

Vanquished Creatures
  Sigmund (D:4)
  2 ogres
  Blork the orc (D:4)
  A scorpion (D:4)
  A jelly (D:5)
  A centaur skeleton (D:4)
  4 orc priests
  4 hounds
  3 worker ants (D:4)
  3 gnolls (D:4)
  8 adders
  An ooze (D:1)
  A worm (D:4)
  A dart slug (D:3)
  4 leopard geckos
  16 orcs
  5 giant cockroaches
  6 goblins
  11 hobgoblins
  4 jackals
  5 kobolds
  2 quokkas (D:4)
  A ball python (D:3)
  8 bats
  4 frilled lizards
  A quokka skeleton (D:4)
  5 rats (D:1)
104 creatures vanquished.

Vanquished Creatures (others)
  An orc wizard (D:3)
1 creature vanquished.

Grand Total: 105 creatures vanquished

Notes
Turn   | Place    | Note
-------+----------+-------------------------------------------
     0 | D:1      | ponk the Minotaur Berserker began the quest for the Orb.
     0 | D:1      | Reached XP level 1. HP: 19/19 MP: 0/0
   185 | D:1      | Reached skill level 4 in Axes
   241 | D:1      | Found an iron altar of Okawaru.
   499 | D:1      | Reached XP level 2. HP: 16/26 MP: 1/1
  1288 | D:2      | Reached skill level 5 in Axes
  1288 | D:2      | Reached XP level 3. HP: 31/31 MP: 2/2
  1289 | D:2      | Found a glowing silver altar of Zin.
  1444 | D:2      | Reached ** piety under Trog
  1695 | D:2      | Found a sparkling altar of Nemelex Xobeh.
  1918 | D:3      | Reached skill level 6 in Axes
  1918 | D:3      | Reached XP level 4. HP: 17/39 MP: 3/3
  2527 | D:3      | Reached XP level 5. HP: 37/45 MP: 4/4
  2858 | D:3      | Reached skill level 7 in Axes
  3226 | D:4      | Reached skill level 8 in Axes
  3226 | D:4      | Reached XP level 6. HP: 42/51 MP: 5/5
  3399 | D:4      | Found an opulent altar of Gozag.
  4037 | D:4      | Reached skill level 9 in Axes
  4041 | D:4      | Reached XP level 7. HP: 30/57 MP: 6/6
  4528 | D:4      | Noticed Blork the orc
  4537 | D:4      | Killed Blork the orc
  4537 | D:4      | Reached skill level 10 in Axes
  4670 | D:4      | Noticed Sigmund
  4677 | D:4      | Killed Sigmund
  4677 | D:4      | Reached *** piety under Trog
  4677 | D:4      | Reached skill level 1 in Stealth
  4749 | D:4      | Found Lilloeg's Distillery.
  4754 | D:4      | Bought a potion of heal wounds for 50 gold pieces
  4754 | D:4      | Bought a potion of heal wounds for 50 gold pieces
  4978 | D:5      | Entered Level 5 of the Dungeon
  5244 | D:5      | Reached skill level 11 in Axes
  5269 | D:5      | Reached XP level 8. HP: 64/64 MP: 7/7
  5283 | D:5      | Slain by an ogre

Skill      XL: |  1  2  3  4  5  6  7 |
---------------+----------------------+-----
Axes           | 4 5 6 8 9 11 | 11.3
Stealth        | 1 |  1.0
Fighting       | |  3.6
Armour         | |  2.4
Dodging        | |  2.1

Action                   |  1- 3 |  4- 6 |  7- 9 || total
-------------------------+-------+-------+-------++-------
Melee: Hand axe          |    78 |       |       ||    78
       Headbutt          |    11 |    22 |     9 ||    42
       War axe           |       |   118 |    21 ||   139
       Battleaxe         |       |       |    25 ||    25
Invok: Berserk           |       |     1 |     1 ||     2
       Trog's Hand       |       |     1 |       ||     1
  Use: Scroll            |       |     4 |     5 ||     9
  Eat: Chunk             |     3 |     7 |     4 ||    14
Armor: Animal skin       |    12 |       |       ||    12
       Plate armour      |    13 |    97 |    21 ||   131
Dodge: Dodged            |    46 |    46 |    16 ||   108
